 Seeded DCSS version 0.29-a0-789-g7a8fcbc185 (webtiles) character file.

Game seed: 1570133099386417921 (custom seed)

74 blackman the Sneak (level 4, 0/35 HPs)
             Began as a Human Delver on July 2, 2022.
             Was an Initiate of Ashenzari.
             Succumbed to a scorpion's poison
             ... on level 5 of the Dungeon on July 3, 2022.
             The game lasted 00:01:01 (618 turns).

blackman the Sneak (Human Delver)                    Turns: 618, Time: 00:01:02

Health: 0/35       AC:  3    Str: 14    XL:     4   Next: 54%
Magic:  4/4        EV: 12    Int: 11    God:    Ashenzari [......]
Gold:   0          SH:  0    Dex: 14    Spells: 3/3 levels left

rFire   . . .      SeeInvis .   a - +0 hand axe
rCold   . . .      Faith    .   (no shield)
rNeg    . . .      Spirit   .   b - +0 leather armour
rPois   .          Reflect  .   (no helmet)
rElec   .          Harm     .   (no cloak)
rCorr   .          Rampage  .   (no gloves)
Will    .....                   (no boots)
Stlth   +++.......              (no amulet)
HPRegen 0.11/turn               (no ring)
MPRegen 0.09/turn               (no ring)

@: lethally poisoned (0 -> -13)
A: no striking features
a: Renounce Religion


You were on level 5 of the Dungeon.
You worshipped Ashenzari.
Ashenzari was noncommittal.
You visited 2 branches of the dungeon, and saw 2 of its levels.

Inventory:

Hand Weapons
 a - a +0 hand axe (weapon)
Armour
 b - a +0 leather armour (worn)
Wands
 g - a wand of digging (3)
Scrolls
 c - a scroll of fog
 d - a scroll of magic mapping


   Skills:
 - Level 3.0 Fighting
 - Level 2.0 Axes
 * Level 3.8 Ranged Weapons
 - Level 2.0 Dodging
 - Level 5.0 Stealth


You had 3 spell levels left.
You didn't know any spells.
Your spell library was empty.

Dungeon Overview and Level Annotations

Branches:
Dungeon (5/15)             Temple (1/1) D:5

Altars:
Ashenzari
Cheibriados
Dithmenos
Elyvilon
Hepliaklqana
Kikubaaqudgha
Makhleb
Nemelex Xobeh
Qazlal
Ru
Sif Muna
Trog
Vehumet
Wu Jian
Xom
Yredelemnul
Zin
The Shining One

Annotations:
Temple 2 transporters


Message History

As you read the scroll of fear, it crumbles to dust.
You assume a fearsome visage.
The water moccasin looks frightened!
A scorpion comes into view.
Why would you want to do that?
The scorpion stings you but does no damage.
The scorpion stings you.
You are poisoned.
The scorpion poisons you!
Cleave: a) +0 hand axe
Press: ? - help, Dir - move target, f - scorpion
Aim: a scorpion (about 38% to evade your +0 hand axe)
You hit the scorpion but do no damage.
You feel sick.
The scorpion stings you but does no damage. x2
Cleave: a) +0 hand axe
Press: ? - help, Dir - move target, f/p - scorpion
Aim: a scorpion (about 38% to evade your +0 hand axe)
You hit the scorpion but do no damage.
You feel sick. The scorpion stings you.
Cleave: a) +0 hand axe
Press: ? - help, Dir - move target, f/p - scorpion
Aim: a scorpion (about 38% to evade your +0 hand axe)
You hit the scorpion.
The scorpion is moderately wounded.
You feel sick. The scorpion stings you!
You are lethally poisoned!
The scorpion poisons you! The scorpion stings you.
* * * LOW HITPOINT WARNING * * *
Cleave: a) +0 hand axe
Press: ? - help, Dir - move target, f/p - scorpion
Aim: a scorpion (moderately wounded, about 38% to evade your +0 hand axe)
You hit the scorpion.
The scorpion is heavily wounded.
* * * LOW HITPOINT WARNING * * *
You feel very sick. The scorpion closely misses you.
Cleave: a) +0 hand axe
Press: ? - help, Dir - move target, f/p - scorpion
Aim: a scorpion (heavily wounded, about 38% to evade your +0 hand axe)
You hit the scorpion but do no damage.
The scorpion is heavily wounded.
You die...

......≈≈≈≈≈≈≈≈≈...
......≈≈≈≈≈≈≈≈≈≈≈≈≈.
.....≈≈≈≈≈≈...≈≈≈≈≈≈
.....≈≈≈≈≈≈.>.≈≈≈≈≈≈.
....≈≈≈≈≈≈...≈≈≈≈≈≈..
#..≈≈≈≈≈≈≈≈≈≈≈≈≈≈≈....
#...≈≈≈≈≈≈≈≈≈≈≈≈≈.....
..#.....≈≈≈≈≈≈≈≈≈.......
.......@..≈≈≈≈≈.........
........s...............
........................
...............°........
....................#.
......##.####°####..#
#.#......# #§# #..#
#.#.###..# #§# #..# ...
### #.>#


You could see a scorpion.

Vanquished Creatures
  A phantom (Temple)
1 creature vanquished.

Vanquished Creatures (others)
  A gnoll (D:5)
1 creature vanquished.

Grand Total: 2 creatures vanquished

Notes
Turn   | Place    | Note
-------+----------+-------------------------------------------
     0 | D:5      | blackman the Human Delver began the quest for the Orb.
     0 | D:5      | Reached XP level 1. HP: 18/18 MP: 1/1
     8 | D:5      | Found a staircase to the Ecumenical Temple.
     9 | D:5      | Noticed a phantom
    10 | D:5      | Noticed a water moccasin
    20 | Temple   | Entered the Ecumenical Temple
    20 | Temple   | Found a transporter.
    20 | Temple   | Found a transporter.
    45 | Temple   | Found a transporter.
    45 | Temple   | Found a transporter.
    47 | Temple   | Killed a phantom
    48 | Temple   | Reached XP level 2. HP: 7/24 MP: 2/2
    48 | Temple   | Reached XP level 3. HP: 8/29 MP: 3/3
    48 | Temple   | Reached XP level 4. HP: 10/35 MP: 4/4
   587 | Temple   | Became a worshipper of Ashenzari the Shackled
   610 | D:5      | Noticed a scorpion
   618 | D:5      | Succumbed to a scorpion's poison

Illustrated notes

Levels and vault maps discovered:
D:5:      layout_basic, temple_pool_b, lemuel_flamethrower_2
Temple:   hellmonk_temple_divided_pantheon

Skill      XL: |  1 |
---------------+----+-----
Ranged Weapons | 3 |  3.8
Fighting       | |  3.0
Axes           | |  2.0
Dodging        | |  2.0
Stealth        | |  5.0

Action                   |  1- 3 |  4- 6 || total
-------------------------+-------+-------++-------
Melee: Hand axe          |    27 |     5 ||    32
       Punch             |     1 |       ||     1
  Use: Potion            |     1 |       ||     1
       Scroll            |       |     1 ||     1
Armor: Leather armour    |       |     5 ||     5
Dodge: Dodged            |    16 |     3 ||    19

Table legend: (Time is in decaauts)
 A = Elapsed time spent in this place.
 B = Non-inter-level travel time spent in this place.
 C = Inter-level travel time spent in this place.
 D = Time resting spent in this place.
 E = Time spent auto-exploring this place.
 F = Levels seen in this place.
 G = Mean time per level.
                   A        B        C        D        E       F      G
               +--------+--------+--------+--------+--------+-----+--------+
         Total |    611 |    583 |     28 |    522 |      0 |   2 |  305.5 |
       Dungeon |     33 |     33 |      0 |      0 |      0 |   1 |   33.0 |
        Temple |    577 |    549 |     28 |    522 |      0 |   1 |  577.0 |
               +--------+--------+--------+--------+--------+-----+--------+

Top non-repeatable levels by time:
  Temple: 577 daAuts
     D:5: 33 daAuts
